 Dungeon Crawl Stone Soup version 0.30-a0-722-g3e6e8c874d (webtiles) character file.

Game seed: 9878720294236273777

2835 Bnni the Cleaver (level 10, 0/82 HPs)
             Began as a Formicid Fighter on Jan 28, 2023.
             Slain by Maggie
             ... wielding a +1 heavy scimitar
              (15 damage)
             ... on level 6 of the Dungeon.
             The game lasted 00:13:06 (5966 turns).

Bnni the Cleaver (Formicid Fighter)                 Turns: 5966, Time: 00:13:07

Health: 0/82       AC: 16    Str: 26    XL:     10   Next: 3%
Magic:  10/10      EV:  7    Int:  7    God:
Gold:   58         SH: 11    Dex: 13    Spells: 9/9 levels left

rFire   + . .      SeeInvis +    y - +0 battleaxe
rCold   + + .      Faith    .    x - +2 kite shield {AC+3}
rNeg    . . .      Spirit   .    r - +3 chain mail {rC+}
rPois   .          Reflect  .    (helmet unavailable)
rElec   .          Harm     .    e - +0 cloak
rCorr   .          Rampage  .    (no gloves)
Will    +....                    (no boots) Stlth
                                 g - amulet of magic regeneration
HPRegen 0.33/turn                s - ring of protection from fire
MPRegen 0.52/turn                p - ring of protection from cold

@: mesmerised
A: permanent stasis, dig shafts and tunnels, antennae 3, four strong arms
a: Dig, Shaft Self


You were on level 6 of the Dungeon.
You visited 1 branch of the dungeon, and saw 6 of its levels.
You also visited: Sewer.

You collected 268 gold pieces.
You spent 210 gold pieces at shops.

Inventory:

Hand Weapons
 y - a +0 battleaxe (weapon)
Missiles
 c - 6 curare-tipped darts
 t - 5 poisoned darts
Armour
 e - a +0 cloak (worn)
 r - a +3 chain mail of cold resistance (worn)
 x - a +2 kite shield of protection (worn)
Jewellery
 g - an amulet of magic regeneration (around neck)
 p - a ring of protection from cold (right hand)
 s - a ring of protection from fire (left hand)
Wands
 b - a wand of polymorph (9)
Scrolls
 d - 2 scrolls of noise {unknown}
 h - 5 scrolls of magic mapping {unknown}
 k - 3 scrolls of fear {unknown}
 l - 2 scrolls of amnesia
 m - a scroll of fog
 o - 2 scrolls of poison {unknown}
 u - a scroll of enchant weapon {unknown}
 w - a scroll of vulnerability {unknown}
Potions
 f - a potion of resistance {unknown}
 i - a potion of magic
 j - a potion of curing {unknown}
 n - a potion of brilliance
 q - 2 potions of mutation
 v - 4 potions of flight


   Skills:
 + Level 8.7 Fighting
 * Level 10.5 Axes
 - Level 3.2 Armour
 + Level 5.9 Shields


You had 9 spell levels left.
You didn't know any spells.
Your spell library contained the following spells:

 Spells                   Type           Power      Damage    Failure   Level
 Ensorcelled Hibernation  Hex/Ice        0%         N/A       100%        2
 Passwall                 Tmut/Erth      0%         N/A       100%        2
 Call Canine Familiar     Summ           0%         N/A       100%        3
 Portal Projectile        Hex/Tloc       0%         N/A       100%        3
 Leda's Liquefaction      Hex/Erth       0%         N/A       100%        4
 Summon Forest            Summ/Tloc      0%         N/A       100%        5
 Summon Mana Viper        Hex/Summ       0%         N/A       100%        5
 Summon Cactus Giant      Summ           0%         N/A       100%        6
 Swiftness                Air            Unusable   N/A       N/A         3

Dungeon Overview and Level Annotations

Branches:
Dungeon (6/15)              Sewer (visited)
 Temple: D:4-7

Altars:
Ashenzari
Fedhas
Gozag
Hepliaklqana
Nemelex Xobeh
Qazlal
Ru
Yredelemnul

Shops:
D:5 [

Annotations:
D:6 Maggie


Innate Abilities, Weirdness & Mutations

You cannot be hasted, slowed, berserked, paralysed or teleported.
You can dig through walls and to a lower floor.
You have a pair of large antennae on your head. (SInv)
Your four strong arms can wield two-handed weapons with a shield.


Message History

You slice Maggie!!
Maggie is severely wounded.
Maggie gestures at you while chanting. The bolt of fire hits you. You resist.
Maggie gestures wildly while chanting.
Maggie draws you further into her thrall.
You closely miss Maggie.
Maggie is severely wounded.
Maggie gestures wildly while chanting.
Maggie draws you further into her thrall.
Maggie hits you with a +1 heavy scimitar!
You barely miss Maggie.
Maggie is severely wounded.
Maggie points at you and mumbles some strange words.
The bolt of fire hits you. You resist.
Maggie hits you with a +1 heavy scimitar!
You slash Maggie!
Maggie is almost dead.
You block Maggie's attack.
You barely miss Maggie.
Maggie is almost dead.
Maggie casts a spell.
Maggie draws you further into her thrall.
You block Maggie's attack.
You completely miss Maggie.
Maggie is almost dead.
Maggie points at you and mumbles some strange words.
The bolt of fire hits you! You resist.
You closely miss Maggie.
Maggie is almost dead.
Maggie hits you with a +1 heavy scimitar.
You hit Maggie but do no damage.
Maggie is almost dead.
Maggie barely misses you.
Maggie hits you with a +1 heavy scimitar!
* * * LOW HITPOINT WARNING * * *
You closely miss Maggie.
Maggie is almost dead.
Maggie hits you with a +1 heavy scimitar!
You die...

.......## ........#
#...$......> ......###
#........... .>..#.##
##........... ..####.##
#............ ### #..###
#..........# # ###...#
#........#
###.....#####.@....####
#.............@).......
#.....................###
............###########
.(..........#
.......>....#
..........#.#
........##.# ......# #.#
...# #.#


You could see Maggie (mesmerising, fast).

Vanquished Creatures
  Pikel (D:4)
  Sigmund (D:3)
  A human (D:3)
  Menkaure (D:5)
  Edmund (D:4)
  A water moccasin (D:6)
  Duvessa (D:4)
  An ice beast (D:5)
  A black bear (D:6)
  An ogre (D:4)
  A centaur (D:6)
  A phantom (D:4)
  2 bullfrogs (D:6)
  A necrophage (D:5)
  2 scorpions
  Dowan (D:4)
  A howler monkey (D:5)
  5 hounds
  A gnoll bouda (D:5)
  A human zombie (D:3)
  2 jellies
  Crazy Yiuf (D:3)
  Jessica (D:3)
  Terence (D:3)
  2 iguanas
  2 orc wizards (D:5)
  A sickly merfolk siren (Sewer)
  A malarious merfolk avatar (Sewer)
  5 gnolls (D:5)
  13 adders
  6 river rats (Sewer)
  A white imp (D:6)
  A worm (D:3)
  2 dart slugs
  7 orcs
  3 bats
  6 endoplasms
  7 giant cockroaches
  4 goblins
  11 hobgoblins
  4 jackals
  5 quokkas
  11 ball pythons
  11 frilled lizards
  2 kobolds
  20 rats
156 creatures vanquished.

Notes
Turn   | Place    | Note
-------+----------+-------------------------------------------
     0 | D:1      | Bnni the Formicid Fighter began the quest for the Orb.
     0 | D:1      | Reached XP level 1. HP: 18/18 MP: 1/1
    83 | D:1      | Reached XP level 2. HP: 20/24 MP: 2/2
   671 | D:2      | Reached XP level 3. HP: 30/30 MP: 3/3
   751 | D:2      | Reached skill level 3 in Axes
  1194 | D:2      | Reached XP level 4. HP: 32/37 MP: 4/4
  1468 | D:3      | Found a runed translucent door.
  1468 | D:3      | Noticed a human
  1524 | D:3      | Found a basalt altar of Yredelemnul.
  1536 | D:3      | Killed a human
  1537 | D:3      | Reached skill level 5 in Axes
  1537 | D:3      | Reached XP level 5. HP: 42/43 MP: 5/5
  1537 | D:3      | Reached XP level 6. HP: 49/50 MP: 6/6
  1715 | D:3      | Noticed Jessica
  1731 | D:3      | Killed Jessica
  1732 | D:3      | Reached skill level 5 in Fighting
  2353 | D:3      | Noticed Sigmund
  2370 | D:3      | Killed Sigmund
  2371 | D:3      | Reached skill level 6 in Axes
  2371 | D:3      | Reached XP level 7. HP: 10/56 MP: 7/7
  2543 | D:3      | Noticed Terence
  2551 | D:3      | Killed Terence
  2618 | D:3      | Found a broken altar of Ashenzari.
  2764 | D:3      | Found a runed translucent door.
  2765 | D:3      | Noticed Crazy Yiuf
  2771 | D:3      | Killed Crazy Yiuf
  3131 | D:4      | Reached skill level 7 in Axes
  3131 | D:4      | Reached XP level 8. HP: 56/64 MP: 8/8
  3179 | D:4      | Noticed Pikel
  3199 | D:4      | Killed Pikel
  3200 | D:4      | Reached skill level 8 in Axes
  3492 | D:4      | Noticed Duvessa
  3492 | D:4      | Noticed Dowan
  3510 | D:4      | Killed Duvessa
  3512 | D:4      | Killed Dowan
  3513 | D:4      | Reached XP level 9. HP: 38/72 MP: 9/9
  3701 | D:4      | Noticed Edmund
  3711 | D:4      | Killed Edmund
  3712 | D:4      | Reached skill level 9 in Axes
  3938 | D:5      | Entered Level 5 of the Dungeon
  4165 | D:5      | Found Yzapanec's Antique Armour Boutique.
  4247 | D:5      | Found a sparkling altar of Nemelex Xobeh.
  4264 | D:5      | Found a sacrificial altar of Ru.
  4274 | D:5      | Found a stormy altar of Qazlal.
  4277 | D:5      | Found a hazy altar of Hepliaklqana.
  4279 | D:5      | Found a blossoming altar of Fedhas.
  4301 | D:5      | Found an opulent altar of Gozag.
  4796 | D:5      | Noticed Menkaure
  4805 | D:5      | Killed Menkaure
  4810 | D:5      | Reached skill level 10 in Axes
  4810 | D:5      | Reached skill level 5 in Shields
  5284 | D:6      | Found a glowing drain.
  5302 | Sewer    | Entered a sewer
  5767 | D:5      | Bought a runed kite shield for 210 gold pieces
  5945 | D:6      | Noticed Maggie
  5951 | D:6      | Reached XP level 10. HP: 81/82 MP: 10/10
  5966 | D:6      | Slain by Maggie

Illustrated notes

Levels and vault maps discovered:
D:1:      eino_arrival_cavern_a, layout_basic
D:2:      layout_loops_corners
D:3:      layout_basic, ashenzari_altar_1, dk_yredelemnul_ordeal,
          kennysheep_jessica_study, uniq_sigmund, uniq_terence, uniq_jessica,
          uniq_crazy_yiuf_cottage
D:4:      minmay_skewed_foursquare, layout_cave_pools, uniq_pikel, uniq_duvessa,
          uniq_edmund
D:5:      layout_loops_cross, nicolae_overflow_hallway_of_the_gods,
          serial_shops, nicolae_shop_stone, kennysheep_cross_bottleneck,
          grunt_ministairs_8, uniq_menkaure
D:6:      layout_cave_pods, elyvilon_altar_3, gup_sewer_entry_bubbles,
          uniq_maggie

Skill      XL: |  1  2  3  4  5  6  7  8  9 |
---------------+----------------------------+-----
Axes           | 3 5 6 7 8 10 | 10.5
Fighting       | 4 5 6 7 8 |  8.7
Shields        | 5 |  5.9
Armour         | |  3.2

Action                     |  1- 3 |  4- 6 |  7- 9 | 10-12 || total
---------------------------+-------+-------+-------+-------++-------
  Melee: War axe           |    79 |   117 |   303 |       ||   499
         Unarmed           |       |       |     9 |       ||     9
         Battleaxe         |       |       |     3 |    16 ||    19
Ability: Dig               |       |       |     1 |       ||     1
    Use: Potion            |       |     1 |     1 |       ||     2
         Scroll            |       |       |     7 |       ||     7
 Armour: Scale mail        |    38 |    55 |    10 |       ||   103
         Chain mail        |       |       |   122 |     3 ||   125
         Skin              |       |       |     4 |       ||     4
  Dodge: Dodged            |    19 |    47 |   136 |     3 ||   205
  Block: Buckler           |    19 |    22 |    68 |       ||   109
         Kite shield       |       |       |     6 |     4 ||    10

Table legend: (Time is in decaauts)
 A = Elapsed time spent in this place.
 B = Non-inter-level travel time spent in this place.
 C = Inter-level travel time spent in this place.
 D = Time resting spent in this place.
 E = Time spent auto-exploring this place.
 F = Levels seen in this place.
 G = Mean time per level.
                   A        B        C        D        E       F      G
               +--------+--------+--------+--------+--------+-----+--------+
         Total |   6121 |   5863 |    258 |    244 |   4200 |   7 |  874.4 |
       Dungeon |   5716 |   5458 |    258 |    187 |   4138 |   6 |  952.7 |
         Sewer |    404 |    404 |      0 |     57 |     62 |   1 |  404.0 |
               +--------+--------+--------+--------+--------+-----+--------+

Top non-repeatable levels by time:
     D:3: 1540 daAuts
     D:5: 1121 daAuts
     D:4: 979 daAuts
     D:2: 911 daAuts
     D:1: 584 daAuts
     D:6: 579 daAuts
   Sewer: 404 daAuts
